 Dungeon Crawl Stone Soup version 0.30-a0-121-gb27577e5d9 (webtiles) character file.

Game seed: 8456520294788244474

63 KittyKat the Grave Robber (level 3, -1/24 HPs)
             Began as a Demonspawn Necromancer on Sept 14, 2022.
             Slain by Pargi (5 damage)
             ... in a sewer.
             The game lasted 00:04:41 (1968 turns).

KittyKat the Grave Robber (Demonspawn Necromancer)  Turns: 1968, Time: 00:04:41

Health: -1/24      AC:  3    Str:  8    XL:     3   Next: 89%
Magic:  0/7        EV: 14    Int: 18    God:
Gold:   155        SH:  0    Dex: 13    Spells: 6/7 levels left

rFire   . . .      SeeInvis .    e - +0 short sword
rCold   . . .      Faith    .    (no shield)
rNeg    . . .      Spirit   .    a - +0 robe
rPois   .          Reflect  .    (no helmet)
rElec   .          Harm     .    (no cloak)
rCorr   .          Rampage  .    s - +0 pair of gloves
Will    .....                    (no boots)
Stlth   +.........               (no amulet)
HPRegen 0.08/turn                (no ring)
MPRegen 0.10/turn                (no ring)

@: very slightly contaminated, very slow
A: repulsion field 1
a: no special abilities


You were in a sewer.
You visited 1 branch of the dungeon, and saw 3 of its levels.
You also visited: Sewer.

You collected 155 gold pieces.

Inventory:

Hand Weapons
 e - a +0 short sword (weapon)
Armour
 a - a +0 robe (worn)
 s - a +0 pair of gloves (worn)
Wands
 p - a wand of digging (6)
Scrolls
 d - a scroll of magic mapping {unknown}
 f - a scroll of brand weapon {unknown}
 g - 3 scrolls of identify {unknown}
 k - a scroll of butterflies {unknown}
 m - a scroll of enchant weapon {unknown}
 n - a scroll of noise {unknown}
 o - a scroll of enchant armour {unknown}
 q - a scroll of silence {unknown}
 u - a scroll of blinking {unknown}
 v - a scroll of summoning {unknown}
Potions
 b - 2 potions of magic
 c - a potion of curing {unknown}
 h - a potion of lignification {unknown}
 i - a potion of invisibility {unknown}
 j - a potion of brilliance {unknown}
 l - a potion of haste {unknown}
 r - a potion of flight {unknown}
 t - a potion of ambrosia {unknown}


   Skills:
 - Level 1.7 Dodging
 - Level 1.7 Stealth
 + Level 2.7 Spellcasting
 * Level 5.6 Necromancy


You had 6 spell levels left.
You knew the following spells:

 Your Spells              Type           Power      Damage    Failure   Level
a - Necrotise             Necr           88%        1d8       1%          1

Your spell library contained the following spells:

 Spells                   Type           Power      Damage    Failure   Level
 Vampiric Draining        Necr           22%        2d7       4%          3
 Shock                    Conj/Air       8%         1d3       17%         1
 Animate Dead             Necr           22%        N/A       17%         4
 Agony                    Necr           22%        N/A       43%         5
 Portal Projectile        Hex/Tloc       4%         N/A       45%         3
 Swiftness                Air            2%         N/A       45%         3
 Tukima's Dance           Hex            2%         N/A       45%         3
 Airstrike                Air            1%         2d(1-17)  86%         4
 Summon Ice Beast         Ice/Summ       2%         N/A       86%         4
 Blade Hands              Tmut           1%         N/A       99%         5
 Summon Mana Viper        Hex/Summ       2%         N/A       99%         5
 Monstrous Menagerie      Summ           1%         N/A       100%        7


Dungeon Overview and Level Annotations

Branches:
Dungeon (3/15)              Sewer (1/1)

Altars:

Annotations:
Sewer Pargi


Innate Abilities, Weirdness & Mutations

You are surrounded by a mild repulsion field. (EV +2)


Message History

Confirm with . or Enter, or press ? or * to list all spells.
Aiming: Necrotise (safe; 1% risk of failure)
Press: ? - help, Shift-Dir - straight line, f/p - Pargi
Aim: Pargi (lightly wounded, chance to affect: 86%) Pargi writhes in agony.
Pargi hisses, "I bite!"
Pargi bites you. Pargi misses you. Pargi claws you but does no damage.
Casting: Necrotise (safe; 1% risk of failure)
Confirm with . or Enter, or press ? or * to list all spells.
Aiming: Necrotise (safe; 1% risk of failure)
Press: ? - help, Shift-Dir - straight line, f/p - Pargi
Aim: Pargi (lightly wounded, chance to affect: 86%)
You miscast Necrotise.
You are very lightly contaminated with residual magic.
Nothing appears to happen.
Pargi looks very sad for a moment.
Pargi bites you but does no damage. Pargi claws you. x2
* * * LOW HITPOINT WARNING * * *
Casting: Necrotise (safe; 1% risk of failure)
Confirm with . or Enter, or press ? or * to list all spells.
Aiming: Necrotise (safe; 1% risk of failure)
Press: ? - help, Shift-Dir - straight line, f/p - Pargi
Aim: Pargi (lightly wounded, chance to affect: 86%) Pargi writhes in agony.
Pargi bites you.
* * * LOW HITPOINT WARNING * * *
Pargi barely misses you. Pargi misses you.
Casting: Necrotise (safe; 1% risk of failure)
Confirm with . or Enter, or press ? or * to list all spells.
Aiming: Necrotise (safe; 1% risk of failure)
Press: ? - help, Shift-Dir - straight line, f/p - Pargi
Aim: Pargi (lightly wounded, chance to affect: 86%) Pargi writhes in agony.
Pargi bites you but does no damage. Pargi misses you. Pargi barely misses you.
Casting: Necrotise (safe; 1% risk of failure)
Confirm with . or Enter, or press ? or * to list all spells.
Aiming: Necrotise (safe; 1% risk of failure)
Press: ? - help, Shift-Dir - straight line, f/p - Pargi
Aim: Pargi (lightly wounded, chance to affect: 86%) Pargi writhes in agony.
Pargi bites you.
You die...

##.~.##
#.~~.~#
#.~.~.##
#~..#
##..##
#.~.#
##~~# #..
#T.# #..
#@.# #~~#
##..# #...
#...#
#~.###~~##
#.~~#...#
#..~.~##
#.....#
##~..##
#.~.#


You could see Pargi.

Vanquished Creatures
  An adder (D:2)
  A worm (D:3)
  A dart slug (D:2)
  An orc (D:3)
  5 bats
  2 endoplasms (D:1)
  A giant cockroach (D:2)
  3 goblins
  7 hobgoblins
  2 jackals (Sewer)
  3 quokkas
  3 ball pythons (D:2)
  3 frilled lizards
  5 kobolds
  5 rats
43 creatures vanquished.

Vanquished Creatures (collateral kills)
  A giant cockroach (D:3)
  A goblin (D:1)
2 creatures vanquished.

Grand Total: 45 creatures vanquished

Notes
Turn   | Place    | Note
-------+----------+-------------------------------------------
     0 | D:1      | KittyKat the Demonspawn Necromancer began the quest for the
                  | Orb.
     0 | D:1      | Reached XP level 1. HP: 13/13 MP: 3/3
   315 | D:1      | Gained mutation: You are surrounded by a mild repulsion
                  | field. (EV +2) [demonic ancestry]
   315 | D:1      | Reached XP level 2. HP: 19/19 MP: 3/5
   697 | D:1      | Reached skill level 5 in Necromancy
   968 | D:2      | Reached XP level 3. HP: 20/24 MP: 0/6
  1620 | D:2      | Found a faded altar of an unknown god.
  1838 | D:3      | Found a glowing drain.
  1871 | Sewer    | Entered a sewer
  1954 | Sewer    | Noticed Pargi
  1968 | Sewer    | Slain by Pargi

Illustrated notes

Levels and vault maps discovered:
D:1:      zaba_arrival_water, layout_loops_cross
D:2:      layout_basic, shapermc_ecumenical_altar_notcrosses,
          kennysheep_generic_room_13
D:3:      layout_basic, demons_altar, mainiacjoe_overflow_tiny_flanked,
          cheibrodos_sewer_entry_drain, uniq_terence
Sewer:    sewer_the_moccasin

Skill      XL: |  1  2 |
---------------+-------+-----
Necromancy     | 5 |  5.6
Dodging        | |  1.7
Stealth        | |  1.7
Spellcasting   | |  2.7

Action                   || total
-------------------------++-------
Melee: Short sword       ||    19
 Cast: Necrotise         ||    75
Armor: Robe              ||    13
Dodge: Dodged            ||    37

Table legend: (Time is in decaauts)
 A = Elapsed time spent in this place.
 B = Non-inter-level travel time spent in this place.
 C = Inter-level travel time spent in this place.
 D = Time resting spent in this place.
 E = Time spent auto-exploring this place.
 F = Levels seen in this place.
 G = Mean time per level.
                   A        B        C        D        E       F      G
               +--------+--------+--------+--------+--------+-----+--------+
         Total |   1990 |   1990 |      0 |    195 |   1193 |   4 |  497.5 |
       Dungeon |   1883 |   1883 |      0 |    170 |   1193 |   3 |  627.7 |
         Sewer |    106 |    106 |      0 |     25 |      0 |   1 |  106.0 |
               +--------+--------+--------+--------+--------+-----+--------+

Top non-repeatable levels by time:
     D:2: 906 daAuts
     D:1: 879 daAuts
   Sewer: 106 daAuts
     D:3: 98 daAuts
